 Dungeon Crawl Stone Soup version 0.31-a0-83-gbff143cfd1 (webtiles) character file.

Game seed: 9390340035533132803

4918 frimble the Sneak (level 10, -1/66 HPs)
             Began as an Octopode Warper on May 24, 2023.
             Was an Elder of Cheibriados.
             Slain by a yak (17 damage)
             ... on level 9 of the Dungeon.
             The game lasted 00:18:40 (9738 turns).

frimble the Sneak (Octopode Warper)                 Turns: 9738, Time: 00:18:41

Health: -1/66      AC:  1    Str: 20    XL:     10   Next: 51%
Magic:  15/15      EV: 16    Int: 28    God:    Cheibriados [****..]
Gold:   224        SH:  0    Dex: 21    Spells: 5/15 levels left

rFire   + . .        n - +3 dagger (flame)
rCold   . . .        (no shield)
rNeg    . . .        (helmet restricted)
rPois   +            q - amulet of magic regeneration
rElec   .            p - ring of wizardry
rCorr   .            v - ring of Etzipl Hidu {rF+ SInv}
SInv    +            r - ring of poison resistance
Will    .....        (no ring)
Stlth   +++++        (no ring)
HPRegen 0.31/turn    (no ring)
MPRegen 0.54/turn    (no ring)
                     (no ring)

%: wizardry (x1)
@: about to teleport, on blink cooldown, very slow
A: almost no armour, amphibious, 8 rings, camouflage 1, gelatinous body 1,
(nimble swimmer 1), tentacles
a: Renounce Religion, Bend Time, Temporal Distortion, Slouch


You were on level 9 of the Dungeon.
You worshipped Cheibriados.
Cheibriados was greatly pleased with you.
You visited 2 branches of the dungeon, and saw 10 of its levels.

You collected 543 gold pieces.
You spent 319 gold pieces at shops.

Inventory:

Hand Weapons
 d - a +4 scimitar
 i - a +3 falchion of holy wrath
 n - a +3 dagger of flaming (weapon)
Missiles
 c - 2 boomerangs of dispersal
 k - 5 boomerangs (quivered)
Jewellery
 p - a ring of wizardry (left tentacle)
 q - an amulet of magic regeneration (around mantle)
 r - a ring of poison resistance (on tentacle)
 v - the ring of Etzipl Hidu (right tentacle) {rF+ SInv}
   (You bought it in a shop on level 1 of the Dungeon)

   [ring of see invisible]

   rF:        It protects you from fire.
   SInv:      It lets you see invisible.
Wands
 u - a wand of mindburst (12)
Scrolls
 a - a scroll of vulnerability
 b - 2 scrolls of identify
 h - 3 scrolls of amnesia
 m - a scroll of immolation
Potions
 e - a potion of curing
 l - a potion of mutation
 o - 2 potions of attraction {unknown}
 s - a potion of lignification {unknown}
 t - a potion of magic {unknown}
 w - a potion of enlightenment


   Skills:
 + Level 5.3 Fighting
 - Level 4.8(6.0) Short Blades
 + Level 5.4(6.3) Long Blades
 - Level 1.1 Throwing
 + Level 5.4 Dodging
 - Level 7.5 Stealth
 - Level 3.3 Spellcasting
 - Level 4.4 Hexes
 - Level 5.3 Translocations
 - Level 2.1 Transmutations
 - Level 4.4 Ice Magic
 - Level 2.0 Earth Magic
 + Level 2.8 Invocations
 + Level 2.8 Evocations


You had 5 spell levels left.
You knew the following spells:

 Your Spells              Type           Power      Damage    Failure   Level
a - Blink                 Tloc           68%        N/A       1%          2
b - Passwall              Tmut/Erth      11%        N/A       2%          2
c - Ensorcelled Hibernat  Hex/Ice        54%        N/A       1%          2
d - Olgreb's Toxic Radia  Pois           4%         N/A       30%         4

Your spell library contained the following spells:

 Spells                   Type           Power      Damage    Failure   Level
 Lesser Beckoning         Tloc           68%        N/A       1%          2
 Portal Projectile        Hex/Tloc       58%        N/A       1%          3
 Teleport Other           Tloc           34%        N/A       1%          3
 Sting                    Tmut/Pois      32%        1d4       2%          1
 Manifold Assault         Tloc           34%        N/A       3%          4
 Dazzling Flash           Conj/Hex       28%        N/A       4%          3
 Vhi's Electric Charge    Tloc/Air       34%        N/A       4%          3
 Volatile Blastmotes      Fire/Tloc      34%        2d12      4%          3
 Poisonous Vapours        Pois/Air       4%         N/A       6%          2
 Static Discharge         Conj/Air       4%         2-3/arc   6%          2
 Call Canine Familiar     Summ           4%         N/A       10%         3
 Swiftness                Air            4%         N/A       10%         3
 Leda's Liquefaction      Hex/Erth       10%        N/A       10%         4
 Iskenderun's Mystic Bla  Conj/Tloc      17%        2d5       13%         4
 Airstrike                Air            2%         2d(1-17)  30%         4
 Animate Dead             Necr           4%         N/A       30%         4
 Summon Lightning Spire   Summ/Air       2%         N/A       34%         4
 Starburst                Conj/Fire      1%         6d3       99%         6
 Haunt                    Necr/Summ      1%         N/A       100%        7
 Infestation              Necr           2%         N/A       100%        8


Dungeon Overview and Level Annotations

Branches:
Dungeon (9/15)             Temple (1/1) D:4
   Lair: D:8-11         Orc: D:9-12

Altars:
Ashenzari
Cheibriados
Dithmenos
Elyvilon
Fedhas
Gozag
Hepliaklqana
Kikubaaqudgha
Makhleb
Nemelex Xobeh
Okawaru
Qazlal
Ru
Sif Muna
Trog
Uskayaw
Vehumet
Wu Jian
Xom
Yredelemnul
Zin
The Shining One

Shops:
D:1 =


Innate Abilities, Weirdness & Mutations

You cannot wear most types of armour.
You are amphibious.
You can wear up to eight rings at the same time.
Your skin changes colour to match your surroundings (Stealth+).
Your rubbery body absorbs attacks. (AC +1, EV +1)
((You are camouflaged when in or above water. (Stealth+)))
You have tentacles for arms and can constrict up to eight enemies at once.


Message History

This spell is quite dangerous to cast!
Memorise Olgreb's Toxic Radiance, consuming 4 spell levels and leaving 5?
You start memorising the spell.
You continue memorising. x4
You finish memorising.
Spell assigned to 'd'.
(D) Dungeon (T) Temple
Where to? (Enter - D:8 @ (x,y), ? - help)
Things that are here:
a +0 giant club; a +0 giant spiked club; a two-headed ogre corpse
There is a stone staircase leading down here.
You climb downwards.
The yak bellows! x2
The yak barely misses you. The yak closely misses you. The yak gores you!
There is a stone staircase leading up, spattered with blood here.
The yak barely misses you. x2; The yak misses you.
The yak gores you! The yak gores you but does no damage.
The yak attacks as you move away! The yak gores you! x2
* * * LOW HITPOINT WARNING * * *
Okay, then.
Okay, then.
Unknown command.
Okay, then.
Unknown command.
Casting: Passwall (safe; 2% risk of failure)
Confirm with . or Enter, or press ? or * to list all spells.
You blink.
As you read the scroll of teleportation, it crumbles to dust.
You feel strangely unstable.
You feel stable enough to blink again.
Your surroundings seem slightly different.
The yak gores you.
* * * LOW HITPOINT WARNING * * *
The yak barely misses you.
Casting: Blink (safe; 1% risk of failure)
Confirm with . or Enter, or press ? or * to list all spells.
You blink.
Okay, then.
As you read the scroll of teleportation, it crumbles to dust.
You feel strangely unstable.
You feel better. The yak gores you!
You die...

.# #.# #...#.##
###.###.###..#.#..
#Y......§....##...
#Y#.....##.÷#.....
#######Y#####.##..$.....
.......<.YY..........###
#######Y#####.#..#####
#Y# ###.#..#
#@###......#
#..........#
#........#.#
#...######.# #.[.# ###
##### ##..# >...#####
#### ........# ....###.#


You could see 5 yaks.

Vanquished Creatures
  A two-headed ogre (D:8)
  Maggie (D:7)
  Sigmund (D:3)
  3 yaks (D:8)
  2 wyverns
  Edmund (D:4)
  2 water moccasins (D:8)
  Duvessa (D:4)
  A sky beast (D:6)
  An ice beast (D:6)
  An ogre (D:5)
  2 phantoms
  2 bullfrogs
  4 scorpions
  8 wights
  Dowan (D:4)
  6 killer bees (D:8)
  2 howler monkeys (D:9)
  9 hounds
  An iron imp (D:5)
  Crazy Yiuf (D:4)
  A gnoll bouda (D:6)
  3 orc priests
  A jelly (D:6)
  4 sleepcaps
  6 iguanas
  Ijyb (D:4)
  5 orc wizards
  Robin (D:4)
  9 gnolls
  5 adders
  3 worms
  4 dart slugs
  20 orcs
  7 ball pythons
  6 bats
  10 endoplasms
  7 giant cockroaches
  14 goblins
  5 hobgoblins
  5 jackals
  6 kobolds
  7 quokkas
  A frilled lizard (D:1)
  12 rats
194 creatures vanquished.

Notes
Turn   | Place    | Note
-------+----------+-------------------------------------------
     0 | D:1      | frimble the Octopode Warper began the quest for the Orb.
     0 | D:1      | Reached XP level 1. HP: 14/14 MP: 3/3
   245 | D:1      | Reached XP level 2. HP: 19/19 MP: 5/5
   285 | D:1      | Found a faded altar of an unknown god.
   758 | D:1      | Found Pisuar's Jewellery Shoppe.
   881 | D:1      | Reached XP level 3. HP: 24/24 MP: 6/6
  1174 | D:2      | Reached skill level 1 in Stealth
  1418 | D:2      | Learned a level 2 spell: Blink
  1546 | D:2      | Reached XP level 4. HP: 19/30 MP: 7/7
  2043 | D:3      | Found a sparkling altar of Nemelex Xobeh.
  2263 | D:3      | Noticed Sigmund
  2270 | D:3      | Killed Sigmund
  2271 | D:3      | Reached skill level 2 in Stealth
  2271 | D:3      | Reached XP level 5. HP: 23/36 MP: 7/9
  2271 | D:3      | Reached XP level 6. HP: 27/42 MP: 7/10
  2617 | D:3      | Reached skill level 3 in Stealth
  2620 | D:3      | Found a shimmering altar of Xom.
  2931 | D:4      | Noticed Dowan
  2935 | D:5      | Entered Level 5 of the Dungeon
  3263 | D:4      | Noticed Edmund
  3378 | D:4      | Found a staircase to the Ecumenical Temple.
  3394 | Temple   | Entered the Ecumenical Temple
  3660 | D:4      | Reached skill level 1 in Long Blades
  3660 | D:4      | Reached XP level 7. HP: 39/46 MP: 11/11
  3739 | D:4      | Noticed Ijyb
  3803 | D:5      | Found a snail-covered altar of Cheibriados.
  3812 | D:5      | Became a worshipper of Cheibriados the Contemplative
  3850 | D:5      | Reached skill level 4 in Stealth
  4073 | D:5      | Noticed a wyvern
  4085 | D:5      | Killed a wyvern
  4176 | D:5      | Reached XP level 8. HP: 52/52 MP: 13/13
  4180 | D:4      | Noticed Robin
  4180 | D:4      | Noticed Duvessa
  4285 | D:5      | Identified the +1 ring mail "Kanohub" {Rampage rF+ rC+
                  | Regen+ Dex-3}
  4442 | D:5      | Learned a level 2 spell: Passwall
  4713 | D:5      | Reached skill level 5 in Stealth
  4859 | D:6      | Reached skill level 1 in Transmutations
  4859 | D:6      | Reached skill level 1 in Earth Magic
  4952 | D:6      | Reached * piety under Cheibriados
  5199 | D:6      | Reached skill level 5 in Translocations
  5653 | D:6      | Reached skill level 6 in Stealth
  6051 | D:7      | Noticed Maggie
  6069 | D:6      | Reached XP level 9. HP: 49/57 MP: 14/14
  6693 | D:6      | Reached skill level 7 in Stealth
  7148 | D:7      | Reached ** piety under Cheibriados
  7248 | D:7      | You fall into a shaft and drop 2 floors!
  7434 | D:9      | Identified the +2 pair of boots of Qonnag {rPois rF+ Will++
                  | Str-3}
  7473 | D:8      | Learned a level 2 spell: Ensorcelled Hibernation
  7662 | D:7      | Reached skill level 1 in Hexes
  7662 | D:7      | Reached skill level 1 in Ice Magic
  7771 | D:7      | Found a broken altar of Ashenzari.
  7876 | D:7      | Killed Maggie
  7977 | D:4      | Killed Duvessa
  8001 | D:4      | Killed Dowan
  8064 | D:4      | Found a runed translucent door.
  8065 | D:4      | Noticed Crazy Yiuf
  8157 | D:4      | Found a sacrificial altar of Ru.
  8193 | D:4      | Killed Robin
  8201 | D:4      | Reached *** piety under Cheibriados
  8572 | D:4      | Killed Edmund
  8578 | D:4      | Killed Ijyb
  8639 | D:4      | Killed Crazy Yiuf
  8640 | D:4      | Reached XP level 10. HP: 65/65 MP: 12/15
  8794 | D:1      | Bought the ring of Etzipl Hidu {rF+ SInv} for 319 gold
                  | pieces
  9160 | D:8      | Reached skill level 1 in Invocations
  9160 | D:8      | Reached skill level 1 in Evocations
  9428 | D:8      | Reached skill level 5 in Long Blades
  9601 | D:8      | Reached skill level 5 in Dodging
  9606 | D:8      | Reached skill level 5 in Fighting
  9630 | D:8      | Found a glowing golden altar of the Shining One.
  9684 | D:8      | Noticed a two-headed ogre
  9691 | D:8      | Killed a two-headed ogre
  9691 | D:8      | Reached **** piety under Cheibriados
  9711 | D:8      | Learned a level 4 spell: Olgreb's Toxic Radiance
  9738 | D:9      | Slain by a yak

Illustrated notes

Levels and vault maps discovered:
D:1:      lemuel_arrival_cross, layout_loops_corners,
          hellmonk_ecumenical_altar_zigzags, serial_shops, nicolae_diamond_shop,
          minmay_rat_gold_closets
D:2:      layout_loops_ring, st_stairs_6
D:3:      layout_basic, tgw_xom, nemelex_dance_club_becter, uniq_sigmund
D:4:      layout_cave_pools, lemuel_crystal_altar, minmay_temple_entry_hall,
          hex_medium, kennysheep_generic_room_16, uniq_ijyb, uniq_robin,
          uniq_edmund, uniq_crazy_yiuf_cottage, uniq_duvessa
D:5:      layout_basic, chei_slow_surprise, hangedman_decor_opposing
D:6:      layout_loops_corners
D:7:      layout_rooms, ashenzari_conservatory_becter, uniq_maggie
D:8:      layout_loops_ring, mainiacjoe_overflow_boulevard, kennysheep_doodads,
          corner_web_ring, water_boxes_lemuel
D:9:      minmay_chambers_of_sevens, layout_loops_ring,
          minmay_misc_feat_secret_circle, minmay_misc_feat_square,
          grunt_decor_one_mirror, nicolae_shop_vocational
Temple:   nicolae_temple_slightly_damp_pantheon

Skill      XL: |  1  2  3  4  5  6  7  8  9 10 |
---------------+-------------------------------+-----
Stealth        | 1 2 3 4 6 7 |  7.5
Fighting       | 3 4 5 |  5.3
Short Blades   | 3 4 |  4.8
Dodging        | 3 4 5 |  5.4
Spellcasting   | 3 |  3.3
Translocations | 4 5 |  5.3
Long Blades    | 1 2 3 4 5 |  5.4
Transmutations | 2 |  2.1
Earth Magic    | 2 |  2.0
Hexes          | 4 |  4.4
Ice Magic      | 4 |  4.4
Invocations    | 2 |  2.8
Evocations     | 2 |  2.8
Throwing       | |  1.1

Action                     |  1- 3 |  4- 6 |  7- 9 | 10-12 || total
---------------------------+-------+-------+-------+-------++-------
  Melee: Short sword       |    83 |    55 |       |       ||   138
         Constrict         |    20 |    23 |    65 |     8 ||   116
         Tentacles         |    15 |    25 |    70 |    13 ||   123
         Punch             |     1 |     4 |     4 |     1 ||    10
         Falchion          |       |    37 |   241 |     3 ||   281
         Dagger            |       |       |    27 |    37 ||    64
  Throw: Boomerang         |       |       |    23 |       ||    23
   Cast: Blink             |       |       |     6 |     5 ||    11
         Ensorcelled Hiber |       |       |     5 |     3 ||     8
         Passwall          |       |       |     2 |     1 ||     3
    Use: Scroll            |     1 |     4 |     8 |     6 ||    19
         Potion            |       |       |     3 |     5 ||     8
   Stab: Sleeping          |    13 |     7 |    15 |     7 ||    42
         Distracted        |       |     1 |       |       ||     1
         Invisible         |       |       |       |     1 ||     1
 Armour: Skin              |    11 |     8 |     6 |     3 ||    28
  Dodge: Dodged            |    48 |    61 |   170 |    60 ||   339

Table legend: (Time is in decaauts)
 A = Elapsed time spent in this place.
 B = Non-inter-level travel time spent in this place.
 C = Inter-level travel time spent in this place.
 D = Time resting spent in this place.
 E = Time spent auto-exploring this place.
 F = Levels seen in this place.
 G = Mean time per level.
                   A        B        C        D        E       F      G
               +--------+--------+--------+--------+--------+-----+--------+
         Total |  11261 |  10203 |   1058 |    209 |   8172 |  10 | 1126.1 |
       Dungeon |  11076 |  10037 |   1039 |    209 |   8022 |   9 | 1230.7 |
        Temple |    185 |    166 |     19 |      0 |    150 |   1 |  185.0 |
               +--------+--------+--------+--------+--------+-----+--------+

Top non-repeatable levels by time:
     D:6: 2535 daAuts
     D:5: 1570 daAuts
     D:4: 1486 daAuts
     D:1: 1239 daAuts
     D:8: 1156 daAuts
     D:3: 1117 daAuts
     D:2: 885 daAuts
     D:7: 762 daAuts
     D:9: 322 daAuts
  Temple: 185 daAuts
